Map: Orbital Shipyard

Players

LilDicky - Winner!

  • Race: Terran Terran
  • League: Diamond

outraged

  • Race: Zerg Zerg
  • League: Silver

VOD

http://www.twitch.tv/tumescentpie

Description

Time

  • Played on: Dec. 6, 2015, 5:52 p.m.
  • Length: 14:07
Show
View Real Time Build Order
Export as new Build Order

LilDicky Terran - Winner!

Build Orders: Command Center First (CC) 

Get SALT Encoding   

  12  0:01  SCV  
  13  0:13  SCV  
  14  0:22  Supply Depot  
  14  0:29  SCV  
  15  0:51  SCV  
  16  1:00  Command Center  
  16  1:11  SCV  
  17  1:20  Barracks  
  17  1:23  SCV  
  18  1:35  SCV  
  19  1:47  SCV  
  20  1:59  SCV  
  21  2:03  Command Center  
  23  2:24  Supply Depot  
  23  2:29  Orbital Command  
  22  2:31  Orbital Command  
  21  2:47  Command Center  
  21  3:10  Command Center  
  21  3:14  SCV  
  21  3:15  Marine  
  23  3:20  Orbital Command  
  23  3:29  SCV x2  
  25  3:38  Barracks  
  26  3:41  SCV x2, Barracks  
  26  3:42  Marine  
  28  3:49  SCV  
  28  3:53  SCV  
  30  4:00  Orbital Command  
  31  4:03  Barracks  
  30  4:11  SCV  
  30  4:12  Barracks  
  30  4:14  Barracks  
  30  4:15  SCV  
  32  4:18  Marine  
  32  4:22  SCV  
  34  4:26  Orbital Command  
  34  4:27  SCV  
  35  4:33  Marine x2  
  35  4:36  Marine  
  37  4:49  Marine  
  37  4:51  Marine x2  
  38  4:52  Supply Depot  
  38  4:54  Marine  
  26  5:00  Marine  
  26  5:02  Supply Depot, Marine  
  24  5:07  Marine  
  24  5:09  Marine x2  
  24  5:12  Marine  
  27  5:18  Marine  
  27  5:19  Marine  
  29  5:25  Marine  
  29  5:27  Marine x2  
  31  5:29  Marine  
  32  5:36  SCV x2, Marine  
  32  5:37  SCV, Marine  
  37  5:43  Marine  
  37  5:44  Marine x2  
  37  5:47  Marine  
  33  5:53  Marine  
  33  5:55  Marine  
  23  6:01  Marine  
  23  6:02  Marine  
  18  6:07  Marine x2  
  16  6:11  Marine  
  16  6:13  Marine  
  16  6:18  Marine  
  16  6:20  Marine  
  18  6:31  Marine x4  
  21  6:33  SCV  
  21  6:36  Marine  
  21  6:44  Supply Depot, Marine  
  19  6:49  Marine x4  
  23  6:54  Marine  
  23  6:58  Supply Depot, Orbital Command  
  24  7:01  SCV  
  24  7:02  SCV x3, Marine  
  24  7:06  Marine x2  
  24  7:07  Marine x2  
  33  7:12  Marine  
  30  7:33  SCV x5  
  31  8:05  Marine  
  31  8:06  Marine  
  31  8:11  Marine x3  
  31  8:12  SCV, Marine  
  38  8:13  SCV x3  
  38  8:16  SCV  
  42  8:21  Barracks  
  42  8:22  Barracks x3  
  42  8:23  Marine x2  
  42  8:24  SCV  
  42  8:25  SCV x3  
  48  8:29  Marine x3  
  48  8:30  Marine  
  42  8:50  Marine x3  
  42  8:51  Marine x3  
  42  8:52  SCV  
  45  8:55  SCV x2  
  45  8:56  SCV  
  47  9:04  SCV  
  47  9:07  SCV x2, Marine  
  47  9:08  Marine x6  
  47  9:09  Marine x3  
  60  9:15  SCV  
  60  9:17  SCV  
  62  9:25  Marine  
  62  9:26  Marine x7  
  62  9:27  Marine x2  
  62  9:30  Orbital Command  
  65  9:43  Marine x2  
  65  9:44  Marine x8  
  72  10:01  Marine x2  
  72  10:02  Marine x8  
  82  10:19  Marine x4  
  82  10:20  Marine x2  
  86  10:30  Marine x2  
  86  10:31  Marine  
  86  10:32  Marine  
  86  10:37  Marine x3  
  86  10:38  Marine x3  
  86  10:40  SCV  
  91  10:48  Supply Depot  
  91  10:49  Supply Depot x2  
  91  10:51  Supply Depot  
  91  10:53  Supply Depot  
  91  10:55  SCV x3, Marine x5  
  91  10:56  Marine x5  
  102  11:13  Marine x9  
  102  11:14  Marine  
  91  11:31  Marine x8  
  85  11:42  Marine  
  85  11:43  Marine  
  78  11:48  Marine x5  
  78  11:49  Marine x3  
  86  11:58  Barracks x4  
  86  12:00  Barracks, Marine  
  86  12:01  Marine  
  87  12:06  Marine x4  
  92  12:09  Command Center  
  92  12:19  Marine x3  
  92  12:20  Marine x3  
  98  12:24  Marine x4  
  101  12:37  Marine x3  
  101  12:38  Marine x3  
  101  12:42  Marine  
  107  12:53  Marine x2  
  103  13:07  Orbital Command  
  93  13:19  Marine x7  
  86  13:20  Marine x8  
  88  13:37  Orbital Command, Marine x13  
  88  13:38  Marine x2  
Show
View Real Time Build Order
Export as new Build Order

outraged Zerg 

Build Orders: Hatch First, Zergling Baneling 

Get SALT Encoding   

  12  0:02  Drone  
  13  0:19  Drone  
  13  0:20  Overlord  
  14  0:43  Hatchery  
  13  0:51  Drone x2  
  13  0:54  Drone  
  16  1:04  Drone  
  17  1:18  Spawning Pool  
  16  1:19  Extractor  
  16  1:25  Drone x2  
  17  1:45  Drone  
  18  1:47  Drone  
  19  2:03  Extractor  
  19  2:04  Queen  
  19  2:05  Queen  
  19  2:08  Drone x4  
  26  2:21  Baneling Nest  
  25  2:35  Drone x2  
  25  2:36  Drone  
  28  2:38  Overlord  
  28  2:39  Overlord  
  28  2:57  Metabolic Boost  
  28  2:59  Zergling x6  
  31  3:06  Lair  
  31  3:18  Zergling x2  
  31  3:19  Zergling x8  
  36  3:23  Drone  
  37  3:32  Zergling x2  
  37  3:33  Zergling x6  
  41  4:05  Zergling x2  
  41  4:06  Zergling x4  
  41  4:07  Overlord x2  
  41  4:08  Overlord x2  
  44  4:13  Baneling x2  
  44  4:14  Baneling x6  
  44  4:27  Zergling x8  
  44  4:28  Zergling x2  
  44  4:55  Zergling x16  
  50  5:04  Zergling x2  
  49  5:17  Baneling x2  
  49  5:18  Baneling x7  
  49  5:19  Baneling x2  
  49  5:20  Zergling x2  
  51  5:21  Zergling x6  
  45  5:55  Zergling x2  
  45  5:56  Zergling x14  
  45  5:58  Zergling x2  
  42  6:08  Zergling x2  
  42  6:09  Zergling x2  
  41  6:14  Zergling x2  
  42  6:19  Zergling x2  
  43  6:26  Spire  
  32  6:48  Baneling x3  
  32  6:49  Baneling  
  32  6:50  Centrifical Hooks  
  32  6:56  Zergling x2  
  32  6:57  Zergling x16  
  32  6:59  Zergling x6  
  44  7:15  Roach Warren  
  43  7:28  Hatchery  
  39  7:38  Baneling x5  
  29  8:01  Burrow  
  29  8:02  Zergling x2  
  29  8:03  Zergling x20  
  41  8:17  Spine Crawler  
  40  8:21  Spine Crawler  
  40  8:22  Spine Crawler  
  38  8:34  Baneling  
  38  8:35  Baneling x3  
  38  8:36  Overlord x4, Baneling x2  
  34  8:57  Drone x3  
  34  8:58  Drone  
  38  9:04  Overlord x2  
  38  9:21  Baneling  
  38  9:22  Baneling x5  
  38  9:26  Zergling x2  
  38  9:30  Hatchery  
  33  9:45  Roach x4  
  39  9:46  Roach  
  39  9:49  Baneling x2  
  41  9:54  Drone x2  
  41  9:56  Drone  
  44  10:02  Pneumatized Carapace  
  44  10:05  Baneling  
  44  10:25  Zergling x12  
  50  10:40  Drone x2  
  51  10:51  Zergling x2  
  51  10:52  Zergling x2  
  51  10:54  Baneling x3  
  51  10:55  Baneling x5  
  51  10:56  Baneling x2  
  47  11:22  Zergling x2  
  47  11:23  Zergling x18  
  49  11:55  Zergling x10  
  49  11:56  Zergling x2  
  55  12:08  Hydralisk Den  
  54  12:16  Roach  
  54  12:17  Roach  
  54  12:18  Hatchery  
  54  12:22  Glial Reconstitution  
  57  12:32  Roach x8  
  57  12:33  Roach  
  57  12:34  Hatchery  
  72  12:43  Baneling  
  72  12:44  Baneling x6  
  69  12:45  Baneling x3  
  69  12:49  Baneling x7  
  69  12:50  Baneling x4  
  69  12:51  Baneling  
  61  13:21  Zergling x2  
  61  13:22  Roach x4  
  67  13:47  Roach  
  53  14:03  Ravager  
Tags
 
Add a new tag
Caveats
  • Supply blocks, unpowered buildings, or Contaminate may cause inaccurate times.
  • Supply counts are checked every 10 seconds.